 Dungeon Crawl Stone Soup version 0.18.1-48-g4cf74bf (webtiles) character file.

4153 BabyRage the Spear-Bearer (level 10, -3/87 HPs)
             Began as a Naga Abyssal Knight on July 28, 2016.
             Was a Priest of Lugonu.
             Slain by a sixfirhy (6 damage)
             ... summoned by Lugonu's corruption
             ... on level 9 of the Dungeon.
             The game lasted 00:20:25 (10319 turns).

BabyRage the Spear-Bearer (Naga Abyssal Knight)    Turns: 10319, Time: 00:20:27

Health: -3/87      AC: 13    Str: 18    XL:     10   Next: 28%
Magic:  9/16       EV:  5    Int: 12    God:    Lugonu [***...]
Gold:   352        SH:  0    Dex: 11    Spells: 0 memorised, 9 levels left

rFire  . . .     SeeInvis +     w - +3 spear (elec)
rCold  . . .     Gourm    .     D - +3 chain mail {rPois}
rNeg   . . .     Faith    .     (no shield)
rPois  +         Spirit   .     h - +0 helmet
rElec  .         Dismiss  .     r - +0 cloak
rCorr  .         Reflect  .     (no gloves)
SustAt .         Harm     .     (no barding)
MR     +....                    s - amulet of rage
Stlth  ..........               (no ring)
                                (no ring)

@: about to teleport, very slow, somewhat resistant to hostile enchantments,
extremely unstealthy
A: see invisible, deformed body, poison resistance, slowness 2, slow metabolism
1, spit poison 2, AC +3
a: Spit Poison, Depart the Abyss, Bend Space, Banish, Renounce Religion, Evoke
Berserk Rage


You were on level 9 of the Dungeon.
You worshipped Lugonu.
Lugonu was most pleased with you.
You were very hungry.

You visited 1 branch of the dungeon, and saw 9 of its levels.
You visited the Abyss 1 time.

You collected 352 gold pieces.

Inventory:

Hand Weapons
 w - a +3 spear of electrocution (weapon)
Armour
 h - a +0 helmet (worn)
 r - a +0 cloak (worn)
 D - a +3 chain mail of poison resistance (worn)
Jewellery
 s - an amulet of rage (around neck)
Wands
 e - a wand of flame (19/48)
 y - a wand of lightning (4/15)
 A - a wand of enslavement (10/24)
 E - a wand of iceblast (5/15)
Scrolls
 a - a scroll of identify
 g - a scroll of magic mapping {unknown}
 m - 2 scrolls of enchant armour
 q - 2 scrolls of remove curse
 x - a scroll of recharging
 B - 2 scrolls of enchant weapon
Potions
 b - a potion of might {unknown}
 d - 2 potions of haste
 f - 3 potions of brilliance
 l - 5 potions of curing
 n - a potion of lignification
 p - a potion of cancellation
 u - a potion of resistance
 v - 2 potions of invisibility
 z - a potion of flight
 C - a potion of degeneration {unknown}
Comestibles
 i - 3 bread rations
 j - 5 meat rations
 k - 2 beef jerkies
 t - a royal jelly


   Skills:
 + Level 4.8 Fighting
 * Level 11.9 Polearms
 - Level 1.5 Armour
 - Level 0.7 Dodging
 - Level 8.3 Invocations


You had 9 spell levels left.
You didn't know any spells.

Dungeon Overview and Level Annotations

Branches:
Dungeon (9/15)             Temple (0/1) D:7
   Lair: D:8-11         Orc: D:9-12

Altars:
Ashenzari
Cheibriados
Elyvilon
Gozag
Makhleb
Nemelex Xobeh
Okawaru
Pakellas
Qazlal
Ru
Trog
Vehumet
Xom
Yredelemnul
Zin
The Shining One

Shops:
D:6 [

Annotations:
D:9 corrupted
Abyss:1 Erolcha


Innate Abilities, Weirdness & Mutations

You cannot wear boots.
Your serpentine skin is tough (AC +3).
You have supernaturally acute eyesight.
Armour fits poorly on your strangely shaped body.
Your system is resistant to poisons.
You cover ground very slowly.
You have a slow metabolism.
You can spit poison.


Message History

The spatial maelstrom holds its ground!
Something hits the spatial maelstrom!
Something drains the spatial maelstrom's vigour!
The spatial maelstrom seems to slow down.
Something hits the spatial maelstrom.
The spatial maelstrom hits the thrashing horror!
The thrashing horror is destroyed!
The sixfirhy hits you!
* * * LOW HITPOINT WARNING * * *
The sixfirhy shocks you!
* * * LOW HITPOINT WARNING * * *
The large abomination hits the spatial maelstrom!!
The spatial maelstrom is destroyed!
Read which item? (? for menu, Esc to quit)
As you read the scroll of teleportation, it crumbles to dust.
You feel strangely unstable. The sixfirhy hits you!
* * * LOW HITPOINT WARNING * * *
The sixfirhy shocks you!
* * * LOW HITPOINT WARNING * * *
The sixfirhy hits you.
You die...

...##.........#Zv..X5X3.
...#############vX.#x#.. #'##
#.X.ยง#W# #.# #...#..# #+# #.###
###.##..# #.# #...# ..# ### #.#
###'### ##.# #.# ......# #.4# #.#
......# ##@# #.#
......##########.#############.##
......'.......?..................
......##########.#############.##
......# #?# #..# ####### #.#
###.## #.# ##...# ####### #.#
#..### ......# #.# #.##


You could see a large abomination, a sixfirhy, a neutral spatial vortex
(wandering) and a neutral large abomination.

Vanquished Creatures
  A queen bee (D:8)
  Sigmund (D:6)
  2 orc warriors
  2 sky beasts
  A black bear (D:7)
  5 ogres
  A centaur (D:5)
  A big kobold (D:7)
  2 giant frogs (D:6)
  A gnoll sergeant (D:6)
  A water moccasin skeleton (D:7)
  3 scorpions
  12 killer bees (D:8)
  A howler monkey (D:8)
  A centaur zombie (D:5)
  3 crimson imps
  3 hounds
  A jelly (D:5)
  5 orc priests
  2 iguanas
  7 orc wizards
  5 worker ants
  3 hound skeletons
  11 adders
  5 gnolls
  A howler monkey skeleton (D:8)
  An ooze (D:1)
  A worm (D:3)
  A dart slug (D:1)
  5 giant geckos
  21 orcs
  A ball python (D:1)
  2 giant cockroaches (D:3)
  15 goblins
  11 hobgoblins
  6 jackals
  3 quokkas
  11 bats
  A giant gecko skeleton (D:7)
  6 giant newts
  12 kobolds
  A quokka zombie (D:7)
  10 rats
189 creatures vanquished.

Vanquished Creatures (others)
  A hill giant (D:8)
  A two-headed ogre (D:9)
  An orc warrior (D:6)
  A gnoll (D:3)
  9 plants (D:8)
13 creatures vanquished.

Grand Total: 202 creatures vanquished

Notes
Turn   | Place    | Note
--------------------------------------------------------------
     0 | Abyss:1  | BabyRage the Naga Abyssal Knight began the quest for the Orb.
     0 | Abyss:1  | Reached XP level 1. HP: 21/21 MP: 2/2
    36 | D:1      | Escaped the Abyss
   208 | D:1      | Reached XP level 2. HP: 23/28 MP: 3/3
   244 | D:1      | HP: 1/28 [hobgoblin/club (6)]
   738 | D:1      | Reached ** piety under Lugonu
   760 | D:1      | Reached XP level 3. HP: 34/34 MP: 5/5
   937 | D:1      | Reached skill level 3 in Polearms
   987 | D:1      | Found a snail-covered altar of Cheibriados.
  1359 | D:2      | Reached XP level 4. HP: 31/42 MP: 6/6
  1955 | D:2      | Found a sacrificial altar of Ru.
  2193 | D:3      | Reached *** piety under Lugonu
  2207 | D:3      | Reached skill level 4 in Polearms
  2207 | D:3      | Reached XP level 5. HP: 28/49 MP: 7/7
  2921 | D:3      | Found an oddly glowing altar of Pakellas.
  3425 | D:3      | Found a burning altar of Makhleb.
  3425 | D:3      | Found a sparkling altar of Nemelex Xobeh.
  3462 | D:3      | Noticed an angel
  3463 | D:3      | Found a glowing silver altar of Zin.
  3525 | D:3      | Reached skill level 5 in Polearms
  3525 | D:3      | Reached XP level 6. HP: 45/56 MP: 9/9
  3959 | D:4      | Found a shattered altar of Ashenzari.
  4209 | D:5      | Entered Level 5 of the Dungeon
  4222 | D:5      | Reached XP level 7. HP: 62/62 MP: 10/10
  4265 | D:5      | Reached skill level 6 in Polearms
  4267 | D:5      | Found an iron altar of Okawaru.
  4426 | D:5      | Found an opulent altar of Gozag.
  4450 | D:5      | Found a stormy altar of Qazlal.
  4465 | D:5      | Reached skill level 5 in Invocations
  4483 | D:5      | Found a shimmering altar of Xom.
  4607 | D:5      | Found a glowing golden altar of the Shining One.
  4804 | D:5      | Found an iron altar of Okawaru.
  4871 | D:5      | Found a basalt altar of Yredelemnul.
  5038 | D:6      | Noticed Sigmund
  5051 | D:6      | Killed Sigmund
  5051 | D:6      | Reached skill level 7 in Polearms
  5126 | D:6      | Found a radiant altar of Vehumet.
  5138 | D:6      | Reached XP level 8. HP: 63/69 MP: 12/12
  5162 | D:6      | Reached **** piety under Lugonu
  5658 | D:6      | Reached skill level 8 in Polearms
  6011 | D:6      | Found Josk's Armour Shop.
  6159 | D:6      | Reached skill level 9 in Polearms
  6691 | D:7      | Found a staircase to the Ecumenical Temple.
  6782 | D:7      | Reached XP level 9. HP: 67/75 MP: 14/14
  7142 | D:7      | Found a glowing golden altar of the Shining One.
  7497 | D:7      | Found a white marble altar of Elyvilon.
  7524 | D:7      | Reached skill level 10 in Polearms
  7605 | D:8      | Noticed Erolcha
  7607 | D:8      | Banished Erolcha
  8022 | D:8      | Found a bloodstained altar of Trog.
  8238 | D:8      | Noticed a hill giant
  8241 | D:8      | Banished a hill giant
  8241 | D:8      | Reached skill level 11 in Polearms
  8942 | D:8      | Noticed a queen bee
  9266 | D:8      | Reached XP level 10. HP: 73/85 MP: 16/16
 10314 | D:9      | Corrupted D:9
 10314 | D:9      | Noticed a blizzard demon
 10314 | D:9      | Noticed a large abomination
 10314 | D:9      | Noticed a tentacled starspawn
 10314 | D:9      | Noticed a smoke demon
 10314 | D:9      | Noticed a spatial maelstrom
 10314 | D:9      | Noticed a thrashing horror
 10315 | D:9      | Noticed a spatial maelstrom
 10316 | D:9      | Noticed a sixfirhy
 10316 | D:9      | Noticed an eidolon
 10319 | D:9      | HP: 3/87 [sixfirhy[Lugonu's corruption] (9)]
 10319 | D:9      | Slain by a sixfirhy

Skill      XL: |  1  2  3  4  5  6  7  8  9 |
---------------+----------------------------+-----
Invocations    | 3 4 5 7 8 |  8.3
Polearms       | 3 4 5 7 9 11 | 11.9
Fighting       | 4 |  4.8
Armour         | |  1.5
Dodging        | |  0.7

Action                   |  1- 3 |  4- 6 |  7- 9 | 10-12 || total
-------------------------+-------+-------+-------+-------++-------
Melee: Spear             |   130 |   192 |   421 |    75 ||   818
Invok: Banish            |       |     1 |     4 |       ||     5
       Bend Space        |       |       |       |     1 ||     1
       Corrupt           |       |       |       |     1 ||     1
 Abil: Spit Poison       |    23 |    33 |    29 |       ||    85
Evoke: Wand              |       |     5 |     9 |     2 ||    16
  Use: Scroll            |     3 |    11 |    10 |     2 ||    26
       Potion            |       |     1 |     4 |       ||     5
  Eat: Chunk             |     2 |     6 |    16 |     1 ||    25
       Bread ration      |       |     1 |       |       ||     1
       Pizza             |       |       |       |     1 ||     1
Armor: Leather armour    |    22 |       |       |       ||    22
       Scale mail        |    23 |    59 |   103 |    20 ||   205
       Chain mail        |       |       |       |     5 ||     5
Dodge: Dodged            |    47 |    50 |    85 |    29 ||   211
